 Dungeon Crawl Stone Soup version 0.18.1-5-g4a78601 (webtiles) character file.

3878 MDvedh the Basher (level 10, -1/56 HPs)
             Began as a Gargoyle Fighter on May 10, 2016.
             Was an Elder of Okawaru.
             Slain by a warg (9 damage)
             ... on level 7 of the Dungeon.
             The game lasted 00:14:08 (8546 turns).

MDvedh the Basher (Gargoyle Fighter)                Turns: 8546, Time: 00:14:09

Health: -1/56      AC: 29    Str: 20    XL:     10   Next: 19%
Magic:  10/10      EV:  4    Int:  8    God:    Okawaru [****..]
Gold:   528        SH:  9    Dex:  9    Spells: 0 memorised, 9 levels left

rFire  . . .     SeeInvis .     H - +2 morningstar (protect)
rCold  . . .     Gourm    .     K - +0 plate armour
rNeg   + + .     Faith    .     c - +0 shield
rPois  ∞         Spirit   .     (helmet restricted)
rElec  +         Dismiss  .     (no cloak)
rCorr  .         Reflect  .     x - +1 pair of gloves
SustAt .         Harm     .     s - +0 pair of boots
MR     .....                    (no amulet)
Stlth  ..........               y - -2 ring of intelligence (curse)
                                l - ring of positive energy

@: not resistant to hostile enchantments, extremely unstealthy
A: antennae 1, slimy green scales 1, negative energy resistance 1, electricity
resistance, weak 1, wild magic 2, unbreathing, petrification resistance, rot
immunity, AC +7
a: Heroism, Renounce Religion


You were on level 7 of the Dungeon.
You worshipped Okawaru.
Okawaru was greatly pleased with you.
You were not hungry.

You visited 1 branch of the dungeon, and saw 8 of its levels.

You collected 528 gold pieces.

Inventory:

Hand Weapons
 H - a +2 morningstar of protection (weapon)
Armour
 c - a +0 shield (worn)
 s - a +0 pair of boots (worn)
 x - a +1 pair of gloves (worn)
 K - a +0 plate armour (worn)
Jewellery
 l - a ring of positive energy (left hand)
 y - a cursed -2 ring of intelligence (right hand)
Wands
 g - a wand of lightning (8/15)
 u - a wand of iceblast (8/15)
 w - a wand of confusion (48/48)
 C - a wand of confusion (33/48)
 F - a wand of polymorph (11/24)
Scrolls
 d - 2 scrolls of remove curse
 e - a scroll of fog
 i - 2 scrolls of enchant armour
 n - a scroll of amnesia
 G - a scroll of identify
Potions
 j - 4 potions of lignification
 m - 3 potions of curing
 o - a potion of agility
 p - a potion of flight
 q - a potion of might
 t - a potion of invisibility
 v - a potion of cure mutation
 z - a potion of magic {unknown}
 A - a potion of haste
 D - a potion of resistance {unknown}
 E - a potion of heal wounds
 I - a potion of ambrosia {unknown}
Books
 k - a book of Conjurations

   Spells                             Type                      Level
   a - Magic Dart                     Conjuration                  1
   b - Searing Ray                    Conjuration                  2
   c - Dazzling Spray                 Conjuration/Hexes            3
   d - Fulminant Prism                Conjuration/Hexes            4
   e - Iskenderun's Mystic Blast      Conjuration                  4
   f - Iskenderun's Battlesphere      Conjuration/Charms           5
Comestibles
 f - 6 bread rations
 h - 3 meat rations
 B - a beef jerky


   Skills:
 - Level 3.2 Fighting
 + Level 13.3 Maces & Flails
 + Level 4.2 Armour
 * Level 5.2 Shields


You had 9 spell levels left.
You didn't know any spells.

Dungeon Overview and Level Annotations

Branches:
Dungeon (8/15)             Temple (0/1) D:6            Lair (0/8) D:8

Altars:
Nemelex Xobeh
Okawaru
Vehumet
Xom
Yredelemnul
Zin


Innate Abilities, Weirdness & Mutations

You are resistant to torment.
Your stone body is resilient (AC +7).
You are immune to poison.
You resist negative energy.
You are resistant to electric shocks.
You can survive without breathing.
You are immune to petrification.
You are immune to rotting.
You have a pair of small antennae on your head.
You are partially covered in slimy green scales (AC +2).
You are weak. (Str -2)
Your spells are harder to cast, but more powerful.


Message History

Unknown command.
Unknown command.
Unknown command.
Unknown command.
Unknown command.
Unknown command.
Unknown command.
Unknown command.
Unknown command.
You hit the warg.
The warg is lightly wounded.
The warg bites you.
* * * LOW HITPOINT WARNING * * *
The warg bites you.
* * * LOW HITPOINT WARNING * * *
You hit the warg.
The warg is moderately wounded.
The warg barely misses you. The warg bites you but does no damage.
The warg bites you!
You die...

###....................## ##.#
###.....................## #..#
##.......................# #.##
##.......................## ##.#
#.........................###..#
...###..................#...#.##
.### ##<...............##..[..###
.# #................###....#..
.## #.........@.....####.......
..# ##........h.h..>.........#..
..####......#................##..
...#.................#####..##...
........<.........##..####.###...
.........#...#...####..##..# #...
........###..##..# #......# ##..
.##....## #..##..# #......## ##.
.###..## #.###..# ##..###..#####


You could see 2 wargs.

Vanquished Creatures
  The ghost of oplop the Changer, a novice OpTm (D:6)
  A hippogriff (D:8)
  Duvessa (D:5)
  3 orc warriors
  A sky beast (D:8)
  4 ice beasts
  3 ogres
  5 centaurs
  A crocodile (D:8)
  4 giant frogs
  2 scorpions
  Dowan (D:5)
  A wyvern skeleton (D:7)
  6 wights
  3 howler monkeys (D:7)
  A crimson imp (D:8)
  3 hounds
  A jelly (D:8)
  5 orc priests
  A centaur skeleton (D:4)
  7 orc wizards
  4 iguanas
  5 worker ants
  A killer bee zombie (D:5)
  A hound zombie (D:5)
  7 adders
  3 howler monkey skeletons
  2 adder zombies
  3 adder skeletons
  4 worms
  A dart slug (D:1)
  5 giant geckos
  29 orcs
  7 giant cockroaches
  13 goblins
  4 hobgoblins
  8 jackals
  5 kobolds
  2 quokkas
  9 bats
  A giant gecko zombie (D:5)
  4 giant newts
  A quokka skeleton (D:7)
  6 rats
  A spectral orc (D:6)
181 creatures vanquished.

Vanquished Creatures (others)
  Sigmund (D:3)
  A goblin (D:3)
2 creatures vanquished.

Grand Total: 183 creatures vanquished

Notes
Turn   | Place    | Note
--------------------------------------------------------------
     0 | D:1      | MDvedh the Gargoyle Fighter began the quest for the Orb.
     0 | D:1      | Reached XP level 1. HP: 14/14 MP: 1/1
   179 | D:1      | Reached XP level 2. HP: 19/19 MP: 2/2
   375 | D:1      | Reached skill level 3 in Maces & Flails
   762 | D:1      | Reached XP level 3. HP: 21/23 MP: 3/3
  1046 | D:2      | Reached skill level 4 in Maces & Flails
  1100 | D:2      | Reached XP level 4. HP: 26/28 MP: 4/4
  1902 | D:3      | Reached skill level 5 in Maces & Flails
  1902 | D:3      | Killed Sigmund
  1907 | D:3      | Reached XP level 5. HP: 25/32 MP: 5/5
  2493 | D:3      | Found an iron altar of Okawaru.
  2503 | D:3      | Became a worshipper of Warmaster Okawaru
  2616 | D:3      | Found a radiant altar of Vehumet.
  2825 | D:3      | Reached skill level 6 in Maces & Flails
  2825 | D:3      | Reached XP level 6. HP: 37/37 MP: 6/6
  3048 | D:4      | Noticed a phantom
  3221 | D:4      | Found a sparkling altar of Nemelex Xobeh.
  3713 | D:5      | Entered Level 5 of the Dungeon
  3779 | D:5      | Reached skill level 7 in Maces & Flails
  4010 | D:5      | Reached XP level 7. HP: 35/41 MP: 7/7
  4238 | D:5      | Noticed Dowan
  4253 | D:5      | Killed Dowan
  4253 | D:5      | Reached * piety under Okawaru
  4374 | D:5      | Reached skill level 8 in Maces & Flails
  4518 | D:5      | Noticed Duvessa
  4534 | D:5      | Killed Duvessa
  5021 | D:5      | Reached skill level 9 in Maces & Flails
  5021 | D:5      | Reached XP level 8. HP: 29/46 MP: 8/8
  5369 | D:5      | Reached ** piety under Okawaru
  5436 | D:5      | Reached skill level 10 in Maces & Flails
  5638 | D:6      | Noticed oplop's ghost (novice OpTm)
  5687 | D:6      | Killed oplop's ghost
  5791 | D:6      | Reached skill level 11 in Maces & Flails
  5791 | D:6      | Reached XP level 9. HP: 42/51 MP: 9/9
  5881 | D:6      | Found a staircase to the Ecumenical Temple.
  5975 | D:6      | Reached *** piety under Okawaru
  6192 | D:6      | Found a basalt altar of Yredelemnul.
  6328 | D:7      | Found a shimmering altar of Xom.
  6328 | D:7      | Found a glowing silver altar of Zin.
  6328 | D:7      | Noticed an angel
  6722 | D:7      | Reached skill level 12 in Maces & Flails
  8118 | D:8      | Reached skill level 13 in Maces & Flails
  8186 | D:8      | Reached **** piety under Okawaru
  8220 | D:8      | Reached XP level 10. HP: 56/56 MP: 7/10
  8450 | D:8      | Reached skill level 5 in Shields
  8461 | D:8      | Received a gift from Okawaru
  8479 | D:8      | Gained mutation: Your spells are a little harder to cast, but a little more powerful. [mutagenic meat]
  8480 | D:8      | Gained mutation: You are weak. (Str -2) [mutagenic meat]
  8481 | D:8      | Gained mutation: You are partially covered in slimy green scales (AC +2). [mutagenic meat]
  8483 | D:8      | Gained mutation: Your spells are harder to cast, but more powerful. [mutagenic meat]
  8484 | D:8      | Gained mutation: You have a pair of small antennae on your head. [mutagenic meat]
  8516 | D:8      | Found a staircase to the Lair.
  8546 | D:7      | Slain by a warg

Skill      XL: |  1  2  3  4  5  6  7  8  9 10 |
---------------+-------------------------------+-----
Maces & Flails | 3 4 5 6 7 9 11 13 | 13.3
Shields        | 4 5 |  5.2
Armour         | 4 |  4.2
Fighting       | |  3.2

Action                   |  1- 3 |  4- 6 |  7- 9 | 10-12 || total
-------------------------+-------+-------+-------+-------++-------
Melee: Flail             |   154 |   282 |   451 |       ||   887
       Morningstar       |       |       |    14 |    75 ||    89
Invok: Heroism           |       |       |     8 |     2 ||    10
  Use: Scroll            |       |       |    22 |     1 ||    23
       Potion            |       |       |     2 |       ||     2
  Eat: Chunk             |     1 |     8 |     8 |     8 ||    25
       Beef jerky        |       |     1 |     1 |       ||     2
       Bread ration      |       |       |     1 |       ||     1
Armor: Scale mail        |    80 |   156 |   178 |    11 ||   425
       Plate armour      |       |       |       |    32 ||    32
Dodge: Dodged            |    56 |    93 |    93 |    22 ||   264
Block: Shield            |    80 |   151 |   175 |    47 ||   453
